 Dungeon Crawl Stone Soup version 0.20.0-7-g3b7b877 (webtiles) character file.

11624 tognito the Severer (level 11, -2/82 HPs)
             Began as a Minotaur Berserker on May 27, 2017.
             Was a High Priest of Trog.
             Slain by a cyclops (18 damage)
             ... on level 11 of the Dungeon on May 29, 2017.
             The game lasted 00:26:46 (11123 turns).

tognito the Severer (Minotaur Berserker)           Turns: 11123, Time: 00:26:47

Health: -2/82      AC: 13    Str: 26    XL:     11   Next: 51%
Magic:  10/10      EV:  9    Int:  4    God:    Trog [*****.]
Gold:   759        SH:  0    Dex: 11    Spells: 10/10 levels left

rFire    + . .     SeeInvis .   a - +5 battleaxe
rCold    + . .     Gourm    +   (shield currently unavailable)
rNeg     . . .     Faith    .   U - +0 plate armour {rF+}
rPois    .         Spirit   .   (helmet restricted)
rElec    .         Reflect  .   (no cloak)
rCorr    .         Harm     .   L - +0 pair of gloves
MR       .....                  K - +0 pair of boots
Stlth    ..........             p - amulet of the gourmand
Regen    0.3/turn               g - +2 ring of evasion
MPRegen  0.2/turn               k - ring of protection from cold

@: confused
A: retaliatory headbutt, hooves 1, horns 2, strong 1
a: Berserk, Trog's Hand, Brothers in Arms, Burn Spellbooks, Renounce Religion


You were on level 11 of the Dungeon.
You worshipped Trog.
Trog was extremely pleased with you.
You were not hungry.

You visited 2 branches of the dungeon, and saw 12 of its levels.
You also visited: Sewer.

You collected 759 gold pieces.

Inventory:

Hand Weapons
 a - a +5 battleaxe (weapon)
 b - a +0 shortbow
 O - a +3 battleaxe of freezing
Missiles
 i - 155 arrows
 t - 84 bolts
Armour
 K - a +0 pair of boots (worn)
 L - a +0 pair of gloves (worn)
 U - a +0 plate armour of fire resistance (worn)
Jewellery
 e - an uncursed ring of poison resistance {unknown}
 g - a +2 ring of evasion (left hand)
 j - an uncursed ring of fire {unknown}
 k - a ring of protection from cold (right hand)
 l - an uncursed ring of ice
 n - an uncursed ring of see invisible
 p - an amulet of the gourmand (around neck)
 r - a +2 ring of protection {unknown}
 y - an uncursed ring of protection from fire {unknown}
 T - a cursed ring of teleportation {unknown}
Wands
 v - a wand of acid (7/15)
 w - a wand of lightning (2/15)
 x - a wand of random effects (34/48)
 A - a wand of polymorph (6/24)
 D - a wand of lightning (6/15)
 G - a wand of flame (22/48)
 H - a wand of random effects (30/48)
 N - a wand of enslavement (9/24)
 P - a wand of lightning (8/15)
 Q - a wand of polymorph (16/24)
 R - a wand of iceblast (8/15)
Scrolls
 d - 2 scrolls of blinking
 m - 3 scrolls of identify
 o - a scroll of remove curse
 u - 2 scrolls of enchant weapon
 B - a scroll of enchant armour
 I - 3 scrolls of recharging
 J - a scroll of teleportation
Potions
 q - a potion of heal wounds
 s - 3 potions of curing
 E - a potion of invisibility
 M - a potion of might
 S - 3 potions of magic
Comestibles
 c - 7 bread rations
 f - 5 royal jellies
 z - 7 meat rations
 F - 4 fruits


   Skills:
 - Level 3.6 Fighting
 + Level 20.0 Axes
 - Level 2.4 Armour
 - Level 2.1 Dodging


You had 10 spell levels left.
You didn't know any spells.

Dungeon Overview and Level Annotations

Branches:
Dungeon (11/15)            Temple (1/1) D:7            Lair (0/6) D:9
    Orc (0/2) D:11

Altars:
Ashenzari
Cheibriados
Dithmenos
Elyvilon
Fedhas
Gozag
Hepliaklqana
Kikubaaqudgha
Makhleb
Nemelex Xobeh
Okawaru
Qazlal
Ru
Sif Muna
Trog
Uskayaw
Vehumet
Xom
Yredelemnul
Zin
The Shining One

Shops:
D:4 =}:   D:7 [   D:9 *:   D:11 [(


Innate Abilities, Weirdness & Mutations

You reflexively headbutt those who attack you in melee.
You have a pair of horns on your head.
You have large cloven feet.
Your muscles are strong. (Str +2)


Message History

Something bites you but does no damage.
The cyclops hits you but does no damage.
You hear some strange, mumbled words.
Something tries to affect you, but you resist.
You closely miss something. Your headbutt misses something.
You slash the cyclops! Something hits you but does no damage.
Something bites you.
* * * LOW HITPOINT WARNING * * *
Something draws strength from your injuries!
The cyclops barely misses you.
You closely miss the cyclops.
The cyclops is almost dead.
You miss something. Something hits you but does no damage. Something bites you.
* * * LOW HITPOINT WARNING * * *
Something draws strength from your injuries!
You hit the cyclops.
You headbutt the cyclops, but do no damage.
The cyclops is almost dead.
You miss something. The cyclops hits you!!
You die...

#########################
...#..........#..........
..............#..........
..............#..........
####..###.....#..).......
[)[#....#..<..(.@(...(...
?($#....#.......(C#..(##
[%(#....#.........# .#
####....###########
..................#
..................#
.#................#
.#................#
.#............)...#


You could see a cyclops.

Vanquished Creatures
  Urug (D:10)
  An unseen horror (D:9)
  Pikel (D:7)
  A manticore (D:11)
  A kobold demonologist (D:11)
  3 trolls
  A hippogriff (D:10)
  21 yaks
  A wyvern (D:11)
  A hungry ghost (D:8)
  Menkaure (D:7)
  Edmund (D:5)
  2 hell hounds (D:9)
  10 orc warriors
  A black bear (D:10)
  3 sky beasts
  An ice beast (D:6)
  5 ogres
  2 phantoms
  An eye of draining (D:10)
  2 centaurs
  Blork the orc (D:4)
  A big kobold (D:10)
  3 bullfrogs
  A scorpion (D:11)
  10 killer bees
  4 wights (D:9)
  A howler monkey (D:6)
  3 crimson imps
  A centaur zombie (D:7)
  3 hounds
  A bullfrog zombie (D:8)
  2 orc priests
  3 bullfrog skeletons
  4 orc wizards
  8 worker ants
  2 iguanas
  A killer bee zombie (D:5)
  3 hound skeletons
  A worker ant zombie (D:8)
  Robin (D:4)
  A howler monkey zombie (D:8)
  A gnoll (D:1)
  15 adders
  3 shadow imps
  11 oozes
  An adder zombie (D:9)
  An adder skeleton (D:6)
  3 worms (D:2)
  2 dart slugs
  10 leopard geckos
  30 orcs
  18 giant cockroaches
  15 goblins
  11 hobgoblins
  11 jackals
  3 quokkas
  16 ball pythons
  11 bats
  12 frilled lizards
  8 kobolds
  A quokka skeleton (D:9)
  A quokka zombie (D:5)
  11 rats
311 creatures vanquished.

Vanquished Creatures (collateral kills)
  A hydra (D:11)
  A gargoyle (D:11)
  A howler monkey (D:8)
  2 orc wizards (D:11)
  Ijyb (D:5)
  A shadow imp (D:11)
7 creatures vanquished.

Vanquished Creatures (others)
  An ice beast (D:7)
  An orc wizard (D:7)
  2 worker ants (D:7)
4 creatures vanquished.

Grand Total: 322 creatures vanquished

Notes
Turn   | Place    | Note
-------+----------+-------------------------------------------
     0 | D:1      | tognito the Minotaur Berserker began the quest for the Orb.
     0 | D:1      | Reached XP level 1. HP: 19/19 MP: 0/0
     8 | D:1      | Reached skill level 4 in Axes
    13 | D:1      | HP: 1/28 [jackal (3)]
    14 | D:1      | Reached XP level 2. HP: 2/26 MP: 1/1
   452 | D:1      | Reached skill level 5 in Axes
   470 | D:1      | Reached XP level 3. HP: 27/31 MP: 2/2
   572 | D:1      | Reached ** piety under Trog
   887 | D:2      | Reached XP level 4. HP: 39/39 MP: 3/3
   992 | D:2      | Reached skill level 6 in Axes
  1162 | D:2      | Found a shadowy altar of Dithmenos.
  1771 | D:3      | Found a glowing drain.
  1797 | D:3      | Reached *** piety under Trog
  1805 | Sewer    | Entered a sewer
  1834 | Sewer    | Reached skill level 7 in Axes
  1834 | Sewer    | Reached XP level 5. HP: 42/45 MP: 4/4
  1956 | Sewer    | Reached **** piety under Trog
  2004 | Sewer    | Reached skill level 8 in Axes
  2004 | Sewer    | Reached XP level 6. HP: 46/51 MP: 5/5
  2552 | D:4      | Reached skill level 9 in Axes
  2701 | D:4      | Noticed Robin
  2709 | D:4      | Killed Robin
  2756 | D:4      | Found a shimmering altar of Xom.
  2794 | D:4      | Found Opaxzuziop's Jewellery Shoppe.
  2810 | D:4      | Noticed Blork the orc
  2823 | D:4      | Killed Blork the orc
  2889 | D:4      | Found Cufi's Gadget Boutique.
  2942 | D:4      | Found Enoefaume's Book Shoppe.
  2977 | D:4      | Reached XP level 7. HP: 52/57 MP: 6/6
  3309 | D:5      | Entered Level 5 of the Dungeon
  3359 | D:5      | Noticed Edmund
  3374 | D:5      | Killed Edmund
  3374 | D:5      | Reached skill level 10 in Axes
  3383 | D:5      | Found an ancient bone altar of Kikubaaqudgha.
  3384 | D:5      | Found a deep blue altar of Sif Muna.
  3507 | D:5      | HP: 4/85 [iguana (9)]
  3509 | D:5      | Reached ***** piety under Trog
  3509 | D:5      | Reached skill level 11 in Axes
  3805 | D:5      | Found a stormy altar of Qazlal.
  3916 | D:5      | Noticed Ijyb
  3927 | D:5      | Killed Ijyb
  4013 | D:5      | Found a burning altar of Makhleb.
  4130 | D:6      | Reached XP level 8. HP: 11/64 MP: 7/7
  4557 | D:6      | Reached skill level 12 in Axes
  4990 | D:6      | Reached skill level 13 in Axes
  5114 | D:7      | Found Semiull's Antique Armour Boutique.
  5126 | D:7      | Noticed Menkaure
  5135 | D:7      | Killed Menkaure
  5157 | D:7      | Found a staircase to the Ecumenical Temple.
  5165 | D:7      | Noticed Pikel
  5183 | D:7      | Killed Pikel
  5183 | D:7      | Reached skill level 14 in Axes
  5183 | D:7      | Reached XP level 9. HP: 52/70 MP: 8/8
  6094 | D:8      | Reached skill level 15 in Axes
  6686 | Temple   | Entered the Ecumenical Temple
  6928 | D:9      | Upgraded the game from 0.20.0-4-g10b340a to 0.20.0-7-g3b7b877
  6978 | D:9      | Found Nudayxt's General Store.
  6987 | D:9      | Found a staircase to the Lair.
  7389 | D:9      | Noticed a troll
  7396 | D:9      | Killed a troll
  7435 | D:9      | Reached skill level 16 in Axes
  7539 | D:9      | Found a blossoming altar of Fedhas.
  7686 | D:9      | Found Nishrieki's Book Shop.
  7781 | D:9      | Reached XP level 10. HP: 61/77 MP: 9/9
  8215 | D:9      | Noticed an unseen horror
  8223 | D:9      | Killed an unseen horror
  8368 | D:10     | Entered Level 10 of the Dungeon
  8607 | D:10     | Reached skill level 17 in Axes
  8655 | D:10     | Noticed Urug
  8665 | D:10     | Killed Urug
  9157 | D:10     | Reached skill level 18 in Axes
  9551 | D:10     | Received a gift from Trog
  9703 | D:10     | Reached XP level 11. HP: 66/82 MP: 10/10
  9939 | D:10     | Reached skill level 19 in Axes
 10336 | D:11     | Found a labyrinth entrance.
 10349 | D:11     | Found Plog's Armour Boutique.
 10349 | D:11     | Found a staircase to the Orcish Mines.
 10349 | D:11     | Found Puinu's Weapon Boutique.
 10567 | D:11     | Found an iron altar of Okawaru.
 10574 | D:11     | Gained mutation: Your muscles are strong. (Str +2) [potion of mutation]
 10574 | D:11     | Gained mutation: Scrolls take you a little longer to read. [potion of mutation]
 10574 | D:11     | Lost mutation: Scrolls take you a little longer to read. [potion of mutation]
 10574 | D:11     | Gained mutation: You have large cloven feet. [potion of mutation]
 10958 | D:11     | Noticed a four-headed hydra
 10964 | D:11     | Killed a four-headed hydra
 10964 | D:11     | Reached skill level 20 in Axes
 11123 | D:11     | Slain by a cyclops

Skill      XL: |  1  2  3  4  5  6  7  8  9 10 11 |
---------------+----------------------------------+-----
Axes           | 4 5 7 8 9 11 14 16 18 20 | 20.0
Fighting       | |  3.6
Armour         | |  2.4
Dodging        | |  2.1

Action                   |  1- 3 |  4- 6 |  7- 9 | 10-12 || total
-------------------------+-------+-------+-------+-------++-------
Melee: Hand axe          |    79 |    19 |       |       ||    98
       Headbutt          |    12 |    41 |    51 |    36 ||   140
       War axe           |       |   187 |   220 |       ||   407
       Unarmed           |       |       |     3 |       ||     3
       Battleaxe         |       |       |    34 |   177 ||   211
 Fire: Shortbow          |       |       |   131 |    49 ||   180
Invok: Berserk           |     1 |       |     2 |     1 ||     4
       Burn Spellbooks   |       |     1 |     2 |     2 ||     5
       Brothers in Arms  |       |       |     1 |     2 ||     3
       Trog's Hand       |       |       |     1 |       ||     1
  Use: Potion            |     2 |     3 |     2 |     1 ||     8
       Scroll            |       |     7 |     8 |     1 ||    16
  Eat: Chunk             |     1 |     8 |    18 |    16 ||    43
       Fruit             |       |       |       |     1 ||     1
Armor: Animal skin       |    10 |       |       |       ||    10
       Ring mail         |     8 |    78 |       |       ||    86
       Scale mail        |       |     5 |    23 |       ||    28
       Plate armour      |       |       |    87 |   103 ||   190
Dodge: Dodged            |    46 |   152 |    99 |    77 ||   374
